 Dungeon Crawl Stone Soup version 0.22.0-36-g8e74550 (webtiles) character file.

947 iamserjio the Ruffian (level 7, 0/66 HPs)
             Began as a Troll Fighter on Aug 24, 2018.
             Slain by a human zombie (4 damage)
             ... on level 7 of the Dungeon.
             The game lasted 00:08:45 (1282 turns).

iamserjio the Ruffian (Troll Fighter)               Turns: 1282, Time: 00:08:45

Health: 0/66       AC:  5    Str: 25    XL:     7   Next: 89%
Magic:  6/6        EV:  9    Int:  6    God:
Gold:   208        SH:  9    Dex:  9    Spells: 6/6 levels left

rFire    . . .     SeeInvis .     - Unarmed
rCold    . . .     Gourm    +   b - +0 shield
rNeg     . . .     Faith    .   a - +0 robe
rPois    .         Spirit   .   (helmet restricted)
rElec    .         Reflect  .   (no cloak)
rCorr    .         Harm     .   (gloves unavailable)
MR       .....                  (boots unavailable)
Stlth    +.........             (no amulet)
HPRegen  0.61/turn              (no ring)
MPRegen  0.10/turn              (no ring)

@: no status effects
A: large, unfitting armour, claws 3, fast metabolism 3, gourmand, regeneration
1, shaggy fur 1, tough skin 2
a: no special abilities


You were on level 7 of the Dungeon.
You were not hungry.

You visited 1 branch of the dungeon, and saw 7 of its levels.

You collected 208 gold pieces.

Inventory:

Hand Weapons
 k - a +0 blowgun
Missiles
 l - 4 poisoned needles
Armour
 a - a +0 robe (worn)
 b - a +0 shield (worn)
Wands
 p - a wand of paralysis (10)
 s - a wand of digging (14)
 t - a wand of random effects (24)
Scrolls
 f - a scroll of random uselessness {unknown}
 g - 4 scrolls of remove curse {@r2}
 h - 2 scrolls of noise
 n - 3 scrolls of amnesia
 r - a scroll of teleportation
Potions
 c - a potion of might
 e - 2 potions of magic
 i - a potion of invisibility
 j - a potion of agility {unknown}
 m - a potion of curing {@q1}
 o - a potion of brilliance {unknown}
 q - a potion of cancellation {unknown}
Comestibles
 d - 4 rations


   Skills:
 - Level 2.4 Fighting
 - Level 2.4 Dodging
 + Level 5.0 Shields
 * Level 7.7 Unarmed Combat


You had 6 spell levels left.
You didn't know any spells.
Your spell library was empty.

Dungeon Overview and Level Annotations

Branches:
Dungeon (7/15)
 Temple: D:4-7

Altars:
Sif Muna
Vehumet
Yredelemnul
The Shining One

Annotations:
D:5 Jessica


Innate Abilities, Weirdness & Mutations

You are too large for most types of armour.
You have claws for hands.
Your metabolism is lightning-fast.
You like to eat raw meat.
Your natural rate of healing is unusually fast.
You are covered in fur. (AC +1)
You have very tough skin. (AC +2)


Message History

You barely miss the human zombie. The human zombie barely misses you.
You claw the human zombie!
The human zombie is moderately damaged.
You block the human zombie's attack.
You scratch the human zombie.
The human zombie is moderately damaged.
You scratch the human zombie.
The human zombie is moderately damaged.
The human zombie hits you.
* * * LOW HITPOINT WARNING * * *
You mangle the human zombie!!
The human zombie is almost destroyed.
The human zombie hits you!
* * * LOW HITPOINT WARNING * * *
You scratch the human zombie but do no damage.
The human zombie is almost destroyed.
You scratch the human zombie but do no damage.
The human zombie is almost destroyed.
The human zombie hits you.
You die...

.# .. ## #. #. #.
#+#+#+#+#+#Z##### #. #.
#...........@'..#######...##.
#+#+#+#+#+#+###...........<..
#8.#############
###.####...####..
#...).)'...'..'..
#.#.####..?####.. #+#.# #...#
#.. ..# ##### ### ...#


You could see a human zombie.

Vanquished Creatures
  A hippogriff (D:6)
  Sigmund (D:4)
  2 ice beasts
  A big kobold (D:6)
  A howler monkey (D:6)
  A crimson imp (D:5)
  A bullfrog skeleton (D:4)
  An orc priest (D:6)
  An iguana (D:5)
  3 worker ants
  4 gnolls (D:7)
  3 adders
  A dart slug (D:2)
  A leopard gecko (D:6)
  7 orcs
  A ball python (D:2)
  A bat (D:2)
  2 giant cockroaches
  3 hobgoblins
  5 jackals
  11 kobolds
  3 quokkas
  3 frilled lizards
  2 goblins (D:1)
  A leopard gecko skeleton (D:5)
  3 rats
64 creatures vanquished.

Notes
Turn   | Place    | Note
-------+----------+-------------------------------------------
     0 | D:1      | iamserjio the Troll Fighter began the quest for the Orb.
     0 | D:1      | Reached XP level 1. HP: 22/22 MP: 0/0
    88 | D:1      | Reached XP level 2. HP: 22/29 MP: 1/1
   271 | D:2      | Found a radiant altar of Vehumet.
   281 | D:2      | Reached skill level 3 in Unarmed Combat
   313 | D:4      | Found a basalt altar of Yredelemnul.
   383 | D:3      | Reached XP level 3. HP: 35/36 MP: 2/2
   437 | D:4      | You fall through a shaft!
   437 | D:5      | Entered Level 5 of the Dungeon
   437 | D:5      | Found a deep blue altar of Sif Muna.
   437 | D:5      | Noticed Jessica
   482 | D:5      | Reached XP level 4. HP: 44/44 MP: 3/3
   541 | D:4      | Reached skill level 4 in Unarmed Combat
   604 | D:4      | Reached XP level 5. HP: 46/50 MP: 4/4
   629 | D:4      | Noticed Sigmund
   638 | D:4      | Killed Sigmund
   638 | D:4      | Reached skill level 5 in Unarmed Combat
   638 | D:4      | Reached XP level 6. HP: 52/59 MP: 5/5
   922 | D:5      | Noticed an ice beast
   932 | D:5      | Killed an ice beast
   932 | D:5      | Reached skill level 6 in Unarmed Combat
   992 | D:6      | Noticed a hippogriff
  1001 | D:6      | Killed a hippogriff
  1001 | D:6      | Reached XP level 7. HP: 49/66 MP: 6/6
  1071 | D:6      | Found a glowing golden altar of the Shining One.
  1076 | D:6      | Reached skill level 7 in Unarmed Combat
  1258 | D:7      | HP: 2/66 [ice beast (9)]
  1259 | D:7      | Reached skill level 5 in Shields
  1280 | D:7      | HP: 3/66 [human zombie (7)]
  1282 | D:7      | Slain by a human zombie

Skill      XL: |  1  2  3  4  5  6  7 |
---------------+----------------------+-----
Unarmed Combat | 3 4 5 6 7 |  7.7
Shields        | 3 4 5 |  5.0
Fighting       | |  2.4
Dodging        | |  2.4

Action                   |  1- 3 |  4- 6 |  7- 9 || total
-------------------------+-------+-------+-------++-------
Melee: Unarmed           |    59 |    57 |    69 ||   185
  Use: Scroll            |       |       |     7 ||     7
       Potion            |       |       |     1 ||     1
 Stab: Sleeping          |     1 |     1 |       ||     2
  Eat: Chunk             |     4 |     5 |     2 ||    11
Armor: Robe              |    12 |     9 |    12 ||    33
Dodge: Dodged            |    23 |    12 |    15 ||    50
Block: Shield            |    34 |    16 |    21 ||    71
